 Dungeon Crawl Stone Soup version 0.17.1-3-g152610e (webtiles) character file.

128 kaze the Skirmisher (level 4, -8/36 HPs)
             Began as a Demonspawn Fighter on Mar 31, 2016.
             Was a Follower of Cheibriados.
             Mangled by warlockg3's ghost (10 damage)
             ... on level 4 of the Dungeon.
             The game lasted 00:04:55 (2308 turns).

kaze the Skirmisher (Demonspawn Fighter)            Turns: 2308, Time: 00:04:55

Health: -8/36      AC:  6    Str: 21    XL:     4   Next: 86%
Magic:  4/4        EV:  8    Int: 12    God:    Cheibriados [*.....]
Gold:   178        SH:  9    Dex: 15    Spells: 0 memorised, 3 levels left

rFire  . . .     SeeInvis .     l - +1 spear (venom)
rCold  . . .     Clarity  .     b - +0 scale mail
rNeg   . . .     SustAt   .     c - +0 shield
rPois  .         Gourm    .     (no helmet)
rElec  .         Spirit   .     (no cloak)
rCorr  .         Warding  .     (no gloves)
rMut   .         Stasis   .     (no boots)
MR     .....                    (no amulet)
Stlth  ..........               (no ring)
                                (no ring)

@: very slow, not resistant to hostile enchantments, extremely unstealthy
A: hooves 1, powered by death 1
a: Bend Time, Renounce Religion


You were on level 4 of the Dungeon.
You worshipped Cheibriados.
Cheibriados was aware of your devotion.
You were not hungry.

You visited 1 branch of the dungeon, and saw 4 of its levels.

You collected 178 gold pieces.

Inventory:

Hand Weapons
 a - a +0 long sword
 l - a +1 spear of venom (weapon)
Armour
 b - a +0 scale mail (worn)
 c - a +0 shield (worn)
Jewellery
 g - an uncursed ring of protection from fire {unknown}
Scrolls
 i - 2 scrolls of identify {unknown}
 j - 2 scrolls of amnesia {unknown}
 k - 3 scrolls of remove curse {unknown}
 o - 2 scrolls of fear {unknown}
 q - a scroll of recharging {unknown}
 t - a scroll of fog {unknown}
Potions
 d - a potion of might
 f - a potion of flight {unknown}
 m - a potion of cancellation {unknown}
 n - a potion of poison {unknown}
 p - a potion of magic {unknown}
 r - a potion of degeneration {unknown}
 s - 2 potions of invisibility {unknown}
Comestibles
 e - 2 bread rations
 h - 2 meat rations
 u - a beef jerky
 v - a chunk of flesh


   Skills:
 + Level 3.6 Fighting
 + Level 2.1 Long Blades
 + Level 0.5 Polearms
 + Level 3.4 Armour
 + Level 1.5 Dodging
 + Level 0.2 Stealth
 + Level 3.4 Shields


You had 3 spell levels left.
You didn't know any spells.

Dungeon Overview and Level Annotations

Branches:
Dungeon (4/15)
 Temple: D:4-7

Altars:
Cheibriados

Annotations:
D:4 warlockg3's ghost, amateur GrFi


Innate Abilities, Weirdness & Mutations

You have large cloven feet.
You regenerate a little health from kills.


Message History

You kick warlockg3's ghost, but do no damage.
Warlockg3's ghost is moderately damaged.
You block warlockg3's ghost's attack.
You hit warlockg3's ghost.
You kick warlockg3's ghost, but do no damage.
Warlockg3's ghost is moderately damaged.
You block warlockg3's ghost's attack.
You barely miss warlockg3's ghost.
Warlockg3's ghost is moderately damaged.
Warlockg3's ghost hits you!
You barely miss warlockg3's ghost.
You kick warlockg3's ghost, but do no damage.
Warlockg3's ghost is moderately damaged.
You block warlockg3's ghost's attack.
You hit warlockg3's ghost. Your kick misses warlockg3's ghost.
Warlockg3's ghost is moderately damaged.
Warlockg3's ghost hits you!
* * * LOW HITPOINT WARNING * * *
Warlockg3's ghost hits you!
You die...

....# #
......#
#.#.#. #.#..
#.#. #..#
#..# #
##))##
#.#.@..###.#
#..W#....(#
###..<#####
#......##
#.#####


You could see warlockg3's ghost.

Vanquished Creatures
  An iguana (D:4)
  2 adders (D:2)
  An ooze (D:1)
  2 worms (D:2)
  A giant gecko (D:2)
  5 orcs
  3 ball pythons
  5 bats
  A giant cockroach (D:1)
  10 goblins
  8 hobgoblins
  5 jackals
  9 kobolds
  A quokka (D:3)
  4 giant newts
  9 rats
67 creatures vanquished.

Notes
Turn   | Place    | Note
--------------------------------------------------------------
     0 | D:1      | kaze the Demonspawn Fighter began the quest for the Orb.
     0 | D:1      | Reached XP level 1. HP: 18/18 MP: 1/1
   161 | D:1      | Gained mutation: You regenerate a little health from kills. [demonic ancestry]
   161 | D:1      | Reached XP level 2. HP: 10/24 MP: 2/2
   642 | D:1      | Gained mutation: You have large cloven feet. [demonic ancestry]
   642 | D:1      | Reached XP level 3. HP: 29/29 MP: 3/3
   797 | D:2      | Reached skill level 1 in Dodging
  1111 | D:2      | Reached XP level 4. HP: 35/35 MP: 4/4
  1456 | D:3      | Found a faded altar to an unknown god.
  1474 | D:3      | Became a worshipper of Cheibriados the Contemplative
  1474 | D:3      | Reached * piety under Cheibriados
  2287 | D:4      | Noticed warlockg3's ghost (amateur GrFi)
  2308 | D:4      | Mangled by warlockg3's ghost

Action                   |  1- 3 |  4- 6 || total
-------------------------+-------+-------++-------
Melee: Long sword        |    95 |       ||    95
       Spear             |    50 |    89 ||   139
  Eat: Meat ration       |       |     1 ||     1
       Beef jerky        |       |     1 ||     1
